 Dungeon Crawl Stone Soup version 0.29.0-4-gdea44cf6ec (webtiles) character file.

Game seed: 4545726113209602294

529 ProzacElf the Chopper (level 7, -2/60 HPs)
             Began as a Gnoll Cinder Acolyte on Aug 27, 2022.
             Was a High Priest of Ignis.
             Killed from afar by Blork the orc (9 damage)
             ... with a magic dart
             ... on level 5 of the Dungeon.
             The game lasted 00:09:17 (4305 turns).

ProzacElf the Chopper (Gnoll Cinder Acolyte)        Turns: 4305, Time: 00:09:18

Health: -2/60      AC:  7    Str: 16    XL:     7   Next: 23%
Magic:  12/12      EV: 11    Int: 13    God:    Ignis [*****.]
Gold:   168        SH:  0    Dex: 13    Spells: 11/13 levels left

rFire   + . .      SeeInvis .   a - -1 hand axe (flame)
rCold   . . .      Faith    .   (no shield)
rNeg    . . .      Spirit   .   h - +3 ring mail
rPois   .          Reflect  .   y - +2 helmet
rElec   .          Harm     .   (no cloak)
rCorr   .          Rampage  .   (no gloves)
Will    .....                   (no boots)
Stlth   +.........              z - amulet of magic regeneration
HPRegen 0.20/turn               x - +6 ring of dexterity
MPRegen 0.53/turn               (no ring)

@: corroded, flying, invisible
A: fangs 1, strong nose, distributed training
a: Renounce Religion, Fiery Armour, Foxfire Swarm, Rising Flame


You were on level 5 of the Dungeon.
You worshipped Ignis.
Ignis was extremely pleased with you.
You visited 1 branch of the dungeon, and saw 5 of its levels.

You collected 168 gold pieces.

Inventory:

Hand Weapons
 a - a -1 hand axe of flaming (weapon)
 b - a +2 vampiric dagger
 l - a +0 sling
 u - a +0 sling
 w - a +1 dagger of freezing
 B - a +2 short sword of speed
Missiles
 t - 3 poisoned darts (quivered)
Armour
 h - a +3 ring mail (worn)
 y - a +2 helmet (worn)
Jewellery
 x - a +6 ring of dexterity (left hand)
 z - an amulet of magic regeneration (around neck)
 C - a ring of flight
Wands
 A - a wand of polymorph (5)
Scrolls
 c - 2 scrolls of blinking {unknown}
 d - a scroll of butterflies {unknown}
 i - 2 scrolls of magic mapping {unknown}
 j - 5 scrolls of teleportation {unknown}
 k - 9 scrolls of identify {unknown}
 m - a scroll of torment {unknown}
 o - a scroll of silence {unknown}
 q - 2 scrolls of fear {unknown}
 r - 2 scrolls of poison {unknown}
 v - a scroll of summoning {unknown}
 F - a scroll of amnesia {unknown}
Potions
 e - a potion of haste {unknown}
 f - 2 potions of flight
 g - a potion of invisibility
 n - a potion of mutation {unknown}
 p - a potion of lignification {unknown}
 s - a potion of brilliance {unknown}
 D - a potion of heal wounds {unknown}
 E - a potion of attraction {unknown}


   Skills:
 + Level 7.0 Fighting
 + Level 2.4 Short Blades
 + Level 2.4 Long Blades
 + Level 7.0 Axes
 + Level 2.4 Maces & Flails
 + Level 2.4 Polearms
 + Level 2.4 Staves
 + Level 2.4 Ranged Weapons
 + Level 2.4 Throwing
 + Level 2.4 Armour
 + Level 2.4 Dodging
 + Level 2.4 Stealth
 + Level 2.4 Shields
 + Level 2.4 Unarmed Combat
 + Level 3.8 Spellcasting
 + Level 2.0 Conjurations
 + Level 2.0 Hexes
 + Level 2.0 Summonings
 + Level 2.0 Necromancy
 + Level 2.0 Translocations
 + Level 2.0 Transmutations
 + Level 5.8 Fire Magic
 + Level 2.0 Ice Magic
 + Level 2.0 Air Magic
 + Level 2.0 Earth Magic
 + Level 2.0 Poison Magic
 + Level 2.7 Invocations
 + Level 2.4 Evocations


You had 11 spell levels left.
You knew the following spells:

 Your Spells              Type           Power      Damage    Failure   Level
a - Scorch                Fire           34%        2d6       5%          2

Your spell library contained the following spells:

 Spells                   Type           Power      Damage    Failure   Level
 Inner Flame              Hex/Fire       12%        N/A       24%         3
 Cause Fear               Hex            3%         N/A       86%         4
 Discord                  Hex            3%         N/A       100%        8


Dungeon Overview and Level Annotations

Branches:
Dungeon (5/15)             Temple (0/1) D:5

Altars:
Elyvilon
Sif Muna

Annotations:
D:3 1 runed translucent door, enile's ghost, amateur DEAE
D:5 Blork the orc; Eustachio; Sigmund


Innate Abilities, Weirdness & Mutations

You have very sharp teeth.
Your uncanny sense of smell can sniff out nearby items.
Your experience applies equally to all skills.


Message History

Tha jelly hits ye but does nay damage.
Ye take 3 damage, an' haf 22/60 hp.
Ye hit tha jelly.
Ye burn tha jelly.
Yer hands burn!
Tha jelly be lightly wounded.
Ye hear tha slow hiss o' an avalanche o' sand nearby.
Blork tha orc barely misses ye.
Blork tha orc closely misses ye.
Tha jelly misses ye.
Ye take 2 damage, an' haf 20/60 hp.
Ye hit tha jelly.
Ye burn tha jelly.
Yer hands burn!
* * * LOW HITPOINT WARNIN'
* * * Ye bite tha jelly, but do nay damage.
Tha jelly be heavily wounded.
Blork tha orc looks satisfied fer a momn't.
Tha jelly hits ye.
* * * LOW HITPOINT WARNIN'
* * * Ye be splashed wit' acid!
* * * LOW HITPOINT WARNIN'
* * * Ye take 11 damage, an' haf 9/60 hp.
Okay, than.
It was a potion o' flight.
Ye feel very buoyant.
Ye fly up inta tha air.
Blork tha orc hits ye from afar wit' a +0 halberd.
* * * LOW HITPOINT WARNIN'
* * * Blork tha orc hits ye from afar wit' a +0 halberd.
* * * LOW HITPOINT WARNIN'
* * * Tha jelly hits ye but does nay damage.
Ye take 3 damage, an' haf 6/60 hp.
It was a potion o' invisibility.
Ye fade inta invisibility!
Blork tha orc casts a spell at ye.
Tha puff o' frost hits tha jelly!
Tha jelly closely misses ye.
Blork tha orc points at tha jelly an' mumbles some strange words.
Tha puff o' flame hits tha jelly!
Tha jelly dies!
Blork tha orc gestures at somethin' while chantin'.
Blork tha orc grins evilly.
Blork tha orc gestures at ye while chantin'.
Tha magic dart hits ye!
Ye die...

#.#†#)#.#.#.
#...........
##.#).###### ######.#.##
#.......o.#
###.###o###.# ........#
.# ###.###.###.####
#....@.......#
#.###.###.##.# #. # #.#
.# #. #.###.###.##.# .#
.# #.
#.........##.##.#..# ∆
#. #...#.#.<........#..#
.
##.#.###....#####.#.....
.@.##...#
##.#.#####.#....
........# #.........#[.#


You could see Blork the orc (fast, unable to see you).

Vanquished Creatures
  Duvessa (D:4)
  A scorpion (D:4)
  Dowan (D:4)
  A howler monkey (D:4)
  2 hounds
  2 jellies
  Robin (D:4)
  An adder (D:3)
  6 worms
  2 dart slugs
  2 orcs (D:5)
  11 endoplasms
  3 giant cockroaches
  15 goblins
  9 hobgoblins
  3 quokkas
  10 ball pythons
  6 bats
  8 kobolds
  5 rats
90 creatures vanquished.

Vanquished Creatures (others)
  A jelly (D:5)
1 creature vanquished.

Grand Total: 91 creatures vanquished

Notes
Turn   | Place    | Note
-------+----------+-------------------------------------------
     0 | D:1      | ProzacElf the Gnoll Cinder Acolyte began the quest for the
                  | Orb.
     0 | D:1      | Reached XP level 1. HP: 23/23 MP: 4/4
   287 | D:1      | Reached XP level 2. HP: 26/29 MP: 5/5
   875 | D:1      | Reached XP level 3. HP: 35/35 MP: 7/7
  1089 | D:1      | Reached skill level 1 in Invocations
  1180 | D:1      | Found a faded altar of an unknown god.
  1679 | D:2      | Reached skill level 1 in Short Blades
  1679 | D:2      | Reached skill level 1 in Long Blades
  1679 | D:2      | Reached skill level 1 in Maces & Flails
  1679 | D:2      | Reached skill level 1 in Polearms
  1679 | D:2      | Reached skill level 1 in Staves
  1679 | D:2      | Reached skill level 1 in Ranged Weapons
  1679 | D:2      | Reached skill level 1 in Throwing
  1679 | D:2      | Reached skill level 1 in Armour
  1679 | D:2      | Reached skill level 1 in Dodging
  1679 | D:2      | Reached skill level 1 in Stealth
  1679 | D:2      | Reached skill level 1 in Shields
  1679 | D:2      | Reached skill level 1 in Unarmed Combat
  1679 | D:2      | Reached skill level 1 in Evocations
  2270 | D:3      | Reached XP level 4. HP: 41/41 MP: 8/8
  2276 | D:3      | Found a white marble altar of Elyvilon.
  2302 | D:3      | Found a runed translucent door.
  2302 | D:3      | Noticed enile's ghost (amateur DEAE)
  2325 | D:3      | Found a shimmering blue altar of Sif Muna.
  2526 | D:3      | Reached skill level 1 in Conjurations
  2526 | D:3      | Reached skill level 1 in Hexes
  2526 | D:3      | Reached skill level 1 in Summonings
  2526 | D:3      | Reached skill level 1 in Necromancy
  2526 | D:3      | Reached skill level 1 in Translocations
  2526 | D:3      | Reached skill level 1 in Transmutations
  2526 | D:3      | Reached skill level 1 in Ice Magic
  2526 | D:3      | Reached skill level 1 in Air Magic
  2526 | D:3      | Reached skill level 1 in Earth Magic
  2526 | D:3      | Reached skill level 1 in Poison Magic
  3045 | D:4      | Reached XP level 5. HP: 47/47 MP: 9/9
  3202 | D:4      | Noticed Robin
  3222 | D:4      | Reached XP level 6. HP: 29/53 MP: 9/11
  3237 | D:4      | Killed Robin
  3532 | D:4      | Noticed Dowan
  3533 | D:4      | Noticed Duvessa
  3682 | D:4      | Learned a level 2 spell: Scorch
  3742 | D:4      | Killed Duvessa
  3762 | D:4      | Killed Dowan
  3763 | D:4      | Reached XP level 7. HP: 40/60 MP: 12/12
  4166 | D:5      | Entered Level 5 of the Dungeon
  4193 | D:5      | Noticed Blork the orc
  4195 | D:5      | Noticed Eustachio
  4202 | D:5      | Noticed Sigmund
  4260 | D:5      | Found a staircase to the Ecumenical Temple.
  4305 | D:5      | Killed from afar by Blork the orc

Illustrated notes

Levels and vault maps discovered:
D:1:      dpeg_cavernosity, layout_basic, shapermc_ecumenical_altar_mp_vishouse
D:2:      layout_loops_corners, minmay_misc_feat_tower, minmay_distorted
D:3:      layout_basic, lemuel_crystal_altar, lemuel_doored_altar,
          ebering_ghost_inner_flame, kennysheep_pointless_box
D:4:      layout_rooms, minmay_misc_feat_columns, kennysheep_dice, uniq_robin,
          uniq_duvessa
D:5:      layout_loops_ring, minmay_temple_entry_glass, enter_ossuary_3,
          uniq_sigmund, uniq_eustachio, uniq_blork_the_orc

Skill      XL: |  1  2  3  4  5  6  7 |
---------------+----------------------+-----
Invocations    | 1 2 |  2.7
Short Blades   | 1 2 |  2.4
Long Blades    | 1 2 |  2.4
Maces & Flails | 1 2 |  2.4
Polearms       | 1 2 |  2.4
Staves         | 1 2 |  2.4
Ranged Weapons | 1 2 |  2.4
Throwing       | 1 2 |  2.4
Armour         | 1 2 |  2.4
Dodging        | 1 2 |  2.4
Stealth        | 1 2 |  2.4
Shields        | 1 2 |  2.4
Unarmed Combat | 1 2 |  2.4
Evocations     | 1 2 |  2.4
Spellcasting   | 3 |  3.8
Conjurations   | 1 2 |  2.0
Hexes          | 1 2 |  2.0
Summonings     | 1 2 |  2.0
Necromancy     | 1 2 |  2.0
Translocations | 1 2 |  2.0
Transmutations | 1 2 |  2.0
Ice Magic      | 1 2 |  2.0
Air Magic      | 1 2 |  2.0
Earth Magic    | 1 2 |  2.0
Poison Magic   | 1 2 |  2.0
Fighting       | 7 |  7.0
Axes           | 7 |  7.0
Fire Magic     | |  5.8

Action                   |  1- 3 |  4- 6 |  7- 9 || total
-------------------------+-------+-------+-------++-------
Melee: Hand axe          |   135 |   107 |    36 ||   278
       Bite              |    14 |    12 |     5 ||    31
       Punch             |     1 |     3 |       ||     4
       Unarmed           |       |    10 |       ||    10
       Dagger            |       |     7 |       ||     7
Throw: Dart              |       |     3 |       ||     3
  Use: Potion            |       |       |     2 ||     2
Armor: Ring mail         |    50 |    48 |    19 ||   117
       Skin              |       |     1 |       ||     1
Dodge: Dodged            |    64 |    81 |    28 ||   173
